 Dungeon Crawl Stone Soup version 0.24-a0-584-g9d6b971ae4 (webtiles) character file.

Game seed: 2154275656238337749, levelgen mode: deterministic

9 Holzbalken the Cudgeler (level 2, 0/22 HPs)
             Began as a Demonspawn Gladiator on Aug 29, 2019.
             Slain by a leopard gecko (4 damage)
             ... on level 2 of the Dungeon.
             The game lasted 00:01:42 (461 turns).

Holzbalken the Cudgeler (Demonspawn Gladiator)       Turns: 461, Time: 00:01:42

Health: 0/22       AC:  4    Str: 14    XL:     2   Next: 6%
Magic:  2/2        EV: 12    Int:  9    God:
Gold:   39         SH:  0    Dex: 14    Spells: 1/1 levels left

rFire    . . .     SeeInvis .   a - +0 flail
rCold    . . .     Gourm    .   (no shield)
rNeg     . . .     Faith    .   b - +0 leather armour
rPois    .         Spirit   .   c - +0 helmet
rElec    .         Reflect  .   (no cloak)
rCorr    .         Harm     .   (no gloves)
MR       .....                  (no boots)
Stlth    ++........             (no amulet)
HPRegen  0.07/turn              (no ring)
MPRegen  0.08/turn              (no ring)

@: lethally poisoned (0 -> -8)
A: nightstalker 1
a: no special abilities


You were on level 2 of the Dungeon.
You were not hungry.

You visited 1 branch of the dungeon, and saw 2 of its levels.

You collected 39 gold pieces.

Inventory:

Hand Weapons
 a - a +0 flail (weapon)
Missiles
 d - 3 throwing nets (quivered)
Armour
 b - a +0 leather armour (worn)
 c - a +0 helmet (worn)
Scrolls
 e - 2 scrolls of identify {unknown}
 j - a scroll of fog {unknown}
Potions
 g - a potion of might {unknown}
 h - 3 potions of ambrosia {unknown}
 i - a potion of brilliance {unknown}
Comestibles
 f - 2 rations
 k - 3 chunks of flesh


   Skills:
 - Level 2.0 Fighting
 + Level 3.3 Maces & Flails
 - Level 1.7 Throwing
 - Level 2.6 Dodging


You had one spell level left.
You didn't know any spells.
Your spell library was empty.

Dungeon Overview and Level Annotations

Branches:
Dungeon (2/15)

Altars:


Innate Abilities, Weirdness & Mutations

You are slightly more attuned to the shadows.


Message History

The adder closely misses you. The rat closely misses you.
The leopard gecko misses you. The adder bites you. The rat closely misses you.
The leopard gecko bites you. The adder misses you. The rat bites you.
The leopard gecko closely misses you. The adder completely misses you.
You feel sick. The rat barely misses you.
The leopard gecko bites you but does no damage.
The adder misses you. The adder closely misses you.
The leopard gecko barely misses you. The rat bites you but does no damage.
The adder bites you.
You are lethally poisoned!
The adder poisons you! The leopard gecko bites you.
* * * LOW HITPOINT WARNING * * *
* * * LOW HITPOINT WARNING * * *
You feel sick. The rat bites you but does no damage. The adder misses you.
The leopard gecko closely misses you. The rat bites you.
* * * LOW HITPOINT WARNING * * *
The adder misses you. The leopard gecko bites you.
You die...

... .(..
########w...
#..........
#.......#
#....<..#
####'K####
#≈≈≈lr≈≈≈#
#≈...@Sr≈#
#≈..≈≈#.≈#
+..≈.?≈§.+
+..≈.$≈..+
#§.#≈≈..≈#
#≈......≈#
#≈ ≈..≈≈≈#


You could see an adder, a leopard gecko, a quokka, a kobold and a rat.

Vanquished Creatures
  A goblin (D:1)
  A hobgoblin (D:1)
  A bat (D:2)
  3 kobolds (D:1)
  4 rats (D:1)
10 creatures vanquished.

Notes
Turn   | Place    | Note
-------+----------+-------------------------------------------
     0 | D:1      | Holzbalken the Demonspawn Gladiator began the quest for the
                  | Orb.
     0 | D:1      | Reached XP level 1. HP: 16/16 MP: 1/1
    90 | D:1      | Reached skill level 3 in Maces & Flails
   397 | D:1      | Gained mutation: You are slightly more attuned to the
                  | shadows. [demonic ancestry]
   397 | D:1      | Reached XP level 2. HP: 22/22 MP: 2/2
   461 | D:2      | Slain by a leopard gecko

Levels and vault maps discovered:
D:1:      saegor_arrival_simple_d, layout_basic
D:2:      layout_basic, fedhas_altar_2, lemuel_crystal_altar, first_ration,
          kennysheep_generic_room_7

Skill      XL: |  1 |
---------------+----+-----
Maces & Flails | 3 |  3.3
Fighting       | |  2.0
Throwing       | |  1.7
Dodging        | |  2.6

Action                   || total
-------------------------++-------
Melee: Flail             ||    24
Armor: Leather armour    ||    13
Dodge: Dodged            ||    39

Table legend:
 A = Non-vault XP
 B = Vault XP
 C = Vault XP percentage of total XP
 D = Non-vault monster count
 E = Vault monster count
 F = Vault count percentage of total count
                 A         B        C        D         E       F
            +---------+---------+-------+---------+---------+-------
      Total |      14 |       0 |   0.0 |      10 |       0 |   0.0
            +---------+---------+-------+---------+---------+-------
        D:1 |      13 |       0 |   0.0 |       9 |       0 |   0.0
        D:2 |       1 |       0 |   0.0 |       1 |       0 |   0.0
            +---------+---------+-------+---------+---------+-------
